[ AOE2 MATCH · #506420474 ]
UnrankedTatars vs Malians
Player's team · LOSS
Rival team · WIN
[ REPLAY ANALYSIS · EXTRACTED FROM THE RECORDED GAME ]
Feudal
10:41
Castle
22:10
Imperial
36:24
| APM avg | 43.1 |
| APM peak | 87 |
| eAPM avg | 19.7 |
| Villagers / military | 136 / 213 |
Focus
⚔️ 42.7% · 🌾 57.3%
Scout Cavalry ×98 · Cavalry Archer ×53 · Archer ×18 · Spearman ×11 · Mangonel ×9 · Knight ×8
Feudal
13:07
Castle
18:29
Imperial
37:28
| APM avg | 32.3 |
| APM peak | 77 |
| eAPM avg | 22.5 |
| Villagers / military | 202 / 321 |
Focus
⚔️ 28.4% · 🌾 71.6%
Camel Scout ×158 · Scout Cavalry ×142 · Mangonel ×7 · Trebuchet (Packed) ×7 · Gbeto ×4 · Skirmisher ×2
Match map
Initial resources + every placement click. Lines = walls · curves = elevation contours. ◆ gold · ⬟ stone · ● berries · ✦ relic · ◌ wall gap
Your base· ✓ Closed at 22:10 · 1t walls · 1 gate(s)
Ikki de Fenix's base· ✓ Closed at 18:29 · 79t walls · no gate
Smoothed initial terrain · ◌ = detected wall gap · hover for details
Inputs per minute
— KLOAKAN - - Ikki de Fenix
Build order — KLOAKAN
First 150 of 509 actions detected
| 0:00 | Queue | Villager (Male) |
| 0:01 | Queue | Villager (Male) |
| 0:01 | Queue | Villager (Male) |
| 0:03 | Build | House |
| 0:04 | Build | House |
| 0:08 | Queue | Villager (Male) |
| 0:09 | Queue | Villager (Male) |
| 1:24 | Queue | Villager (Male) |
| 1:24 | Queue | Villager (Male) |
| 1:55 | Queue | Villager (Male) |
| 1:55 | Queue | Villager (Male) |
| 1:58 | Build | Lumber Camp |
| 2:22 | Queue | Villager (Male) |
| 2:22 | Queue | Villager (Male) |
| 2:53 | Queue | Villager (Male) |
| 3:01 | Queue | Villager (Male) |
| 3:45 | Queue | Villager (Male) |
| 3:45 | Queue | Villager (Male) |
| 3:50 | Build | House |
| 3:51 | Build | House |
| 4:11 | Queue | Villager (Male) |
| 4:28 | Queue | Villager (Male) |
| 4:50 | Queue | Villager (Male) |
| 5:11 | Queue | Villager (Male) |
| 5:13 | Build | Barracks |
| 5:31 | Build | House |
| 5:42 | Queue | Villager (Male) |
| 5:55 | Queue | Villager (Male) |
| 6:19 | Queue | Militia |
| 6:19 | Queue | Militia |
| 6:29 | Queue | Villager (Male) |
| 6:30 | Queue | Militia |
| 6:30 | Queue | Militia |
| 6:43 | Build | Mill |
| 6:55 | Queue | Villager (Male) |
| 7:25 | Queue | Villager (Male) |
| 7:48 | Build | Mining Camp |
| 7:50 | Research | Loom |
| 8:31 | Research | Feudal Age |
| 9:09 | Queue | Villager (Male) |
| 9:12 | Build | Lumber Camp |
| 10:41 | Age | Feudal Age |
| 10:53 | Build | Archery Range |
| 11:10 | Queue | Villager (Male) |
| 11:10 | Queue | Villager (Male) |
| 11:31 | Build | Archery Range |
| 11:53 | Queue | Villager (Male) |
| 11:58 | Build | Blacksmith |
| 12:02 | Build | House |
| 12:20 | Queue | Villager (Male) |
| 12:26 | Queue | Archer |
| 12:26 | Queue | Archer |
| 12:29 | Queue | Archer |
| 12:36 | Build | House |
| 12:46 | Queue | Villager (Male) |
| 12:58 | Research | Fletching |
| 13:01 | Queue | Villager (Male) |
| 13:06 | Research | Double-Bit Axe |
| 13:18 | Queue | Villager (Male) |
| 13:23 | Build | Farm |
| 13:24 | Build | Farm |
| 13:29 | Build | Farm |
| 13:31 | Queue | Archer |
| 13:31 | Queue | Skirmisher |
| 13:40 | Queue | Archer |
| 13:40 | Queue | Archer |
| 13:43 | Queue | Archer |
| 13:43 | Queue | Archer |
| 13:44 | Queue | Villager (Male) |
| 14:02 | Queue | Archer |
| 14:04 | Queue | Villager (Male) |
| 14:06 | Build | Farm |
| 14:27 | Queue | Villager (Male) |
| 14:42 | Build | Farm |
| 14:43 | Build | Farm |
| 14:45 | Build | Farm |
| 14:47 | Queue | Archer |
| 14:47 | Queue | Archer |
| 15:01 | Build | House |
| 15:05 | Research | Wheelbarrow |
| 15:16 | Build | Farm |
| 15:32 | Queue | Villager (Male) |
| 15:52 | Queue | Villager (Male) |
| 15:59 | Queue | Archer |
| 15:59 | Queue | Archer |
| 16:29 | Build | Farm |
| 16:32 | Build | Farm |
| 16:36 | Build | House |
| 16:37 | Build | House |
| 16:39 | Build | House |
| 17:08 | Build | House |
| 17:12 | Build | House |
| 17:16 | Queue | Villager (Male) |
| 17:18 | Queue | Archer |
| 17:18 | Queue | Archer |
| 17:50 | Queue | Villager (Male) |
| 17:54 | Queue | Archer |
| 17:54 | Queue | Archer |
| 17:55 | Queue | Archer |
| 18:05 | Queue | Villager (Male) |
| 18:27 | Build | Farm |
| 18:29 | Build | Farm |
| 18:50 | Build | House |
| 18:52 | Build | Palisade Wall |
| 18:55 | Queue | Villager (Male) |
| 19:30 | Research | Castle Age |
| 19:37 | Build | Palisade Gate |
| 19:41 | Build | House |
| 19:58 | Build | House |
| 19:59 | Build | House |
| 20:05 | Build | Stable |
| 20:07 | Build | Stable |
| 20:30 | Research | Padded Archer Armor |
| 21:15 | Build | Farm |
| 21:19 | Build | Farm |
| 21:44 | Build | House |
| 22:10 | Age | Castle Age |
| 22:10 | Queue | Villager (Male) |
| 22:13 | Research | Crossbowman (upgrade) |
| 22:14 | Research | Bodkin Arrow |
| 22:17 | Research | Bow Saw |
| 22:23 | Queue | Villager (Male) |
| 22:48 | Queue | Villager (Male) |
| 22:49 | Queue | Knight |
| 22:50 | Queue | Knight |
| 23:08 | Build | Siege Workshop |
| 23:18 | Queue | Villager (Male) |
| 23:30 | Queue | Villager (Male) |
| 24:17 | Queue | Mangonel |
| 24:30 | Queue | Villager (Male) |
| 24:30 | Queue | Villager (Male) |
| 24:31 | Queue | Villager (Male) |
| 24:33 | Queue | Knight |
| 24:33 | Queue | Knight |
| 24:45 | Queue | Mangonel |
| 24:52 | Build | Town Center |
| 24:55 | Queue | Knight |
| 25:15 | Queue | Battering Ram |
| 25:34 | Queue | Villager (Male) |
| 25:35 | Queue | Villager (Male) |
| 25:35 | Queue | Villager (Male) |
| 25:36 | Queue | Villager (Male) |
| 25:52 | Queue | Villager (Male) |
| 25:52 | Queue | Villager (Male) |
| 26:12 | Queue | Mangonel |
| 26:13 | Queue | Mangonel |
| 26:15 | Build | House |
| 26:21 | Build | Town Center |
| 26:24 | Research | Scale Barding Armor |
| 26:26 | Queue | Knight |
Build order — Ikki de Fenix
First 150 of 539 actions detected
| 0:00 | Queue | Villager (Male) |
| 0:00 | Queue | Villager (Male) |
| 0:01 | Queue | Villager (Male) |
| 0:01 | Queue | Villager (Male) |
| 0:01 | Queue | Villager (Male) |
| 0:02 | Build | House |
| 0:03 | Build | House |
| 1:31 | Queue | Villager (Male) |
| 1:31 | Queue | Villager (Male) |
| 1:32 | Queue | Villager (Male) |
| 2:00 | Queue | Villager (Male) |
| 2:15 | Build | Lumber Camp |
| 2:21 | Queue | Villager (Male) |
| 2:21 | Queue | Villager (Male) |
| 2:21 | Queue | Villager (Male) |
| 2:52 | Queue | Villager (Male) |
| 2:52 | Queue | Villager (Male) |
| 2:52 | Queue | Villager (Male) |
| 2:52 | Queue | Villager (Male) |
| 3:27 | Queue | Villager (Male) |
| 3:28 | Queue | Villager (Male) |
| 3:28 | Queue | Villager (Male) |
| 3:28 | Queue | Villager (Male) |
| 3:28 | Queue | Villager (Male) |
| 3:57 | Build | House |
| 4:16 | Queue | Villager (Male) |
| 4:16 | Queue | Villager (Male) |
| 4:16 | Queue | Villager (Male) |
| 4:16 | Queue | Villager (Male) |
| 4:16 | Queue | Villager (Male) |
| 4:19 | Build | House |
| 4:49 | Build | House |
| 5:11 | Queue | Villager (Male) |
| 5:11 | Queue | Villager (Male) |
| 5:11 | Queue | Villager (Male) |
| 5:11 | Queue | Villager (Male) |
| 5:27 | Build | Palisade Wall |
| 5:41 | Queue | Villager (Male) |
| 5:42 | Queue | Villager (Male) |
| 5:42 | Queue | Villager (Male) |
| 5:42 | Queue | Villager (Male) |
| 6:04 | Queue | Villager (Male) |
| 6:04 | Queue | Villager (Male) |
| 6:09 | Build | House |
| 6:20 | Research | Loom |
| 6:22 | Queue | Villager (Male) |
| 6:22 | Queue | Villager (Male) |
| 6:23 | Queue | Villager (Male) |
| 6:23 | Queue | Villager (Male) |
| 6:23 | Queue | Villager (Male) |
| 6:23 | Queue | Villager (Male) |
| 6:39 | Build | Mill |
| 7:05 | Build | House |
| 7:15 | Queue | Villager (Male) |
| 7:16 | Queue | Villager (Male) |
| 7:16 | Queue | Villager (Male) |
| 7:16 | Queue | Villager (Male) |
| 7:16 | Queue | Villager (Male) |
| 7:17 | Queue | Villager (Male) |
| 7:26 | Build | Palisade Wall |
| 7:28 | Build | House |
| 7:31 | Queue | Villager (Male) |
| 7:31 | Queue | Villager (Male) |
| 7:31 | Queue | Villager (Male) |
| 7:35 | Build | House |
| 7:36 | Build | House |
| 7:55 | Queue | Villager (Male) |
| 7:56 | Queue | Villager (Male) |
| 7:56 | Queue | Villager (Male) |
| 7:56 | Queue | Villager (Male) |
| 7:56 | Queue | Villager (Male) |
| 8:14 | Build | Barracks |
| 8:22 | Build | Palisade Wall |
| 8:41 | Build | Palisade Wall |
| 8:50 | Build | House |
| 8:54 | Build | House |
| 8:58 | Build | Palisade Wall |
| 9:03 | Build | Palisade Wall |
| 9:28 | Build | Palisade Wall |
| 9:33 | Build | Mining Camp |
| 9:43 | Build | Palisade Wall |
| 10:08 | Build | House |
| 10:52 | Research | Feudal Age |
| 11:48 | Build | Farm |
| 11:52 | Build | Palisade Wall |
| 12:11 | Build | Farm |
| 12:22 | Build | Palisade Wall |
| 12:24 | Build | Palisade Wall |
| 12:27 | Build | Palisade Wall |
| 13:06 | Build | House |
| 13:07 | Age | Feudal Age |
| 13:15 | Build | Stone Wall |
| 13:22 | Build | Archery Range |
| 13:41 | Build | Palisade Wall |
| 14:08 | Build | Market |
| 14:29 | Queue | Villager (Male) |
| 14:34 | Build | Farm |
| 14:35 | Build | Farm |
| 14:38 | Build | Farm |
| 14:45 | Build | Stone Wall |
| 15:25 | Build | Stone Wall |
| 15:30 | Build | Farm |
| 15:32 | Build | Farm |
| 15:49 | Research | Castle Age |
| 15:50 | Research | Castle Age |
| 15:50 | Research | Castle Age |
| 16:24 | Build | House |
| 16:25 | Build | House |
| 16:41 | Build | Stone Wall |
| 16:48 | Research | Double-Bit Axe |
| 17:09 | Build | Watch Tower |
| 17:20 | Build | Stable |
| 17:28 | Build | Stone Wall |
| 17:57 | Queue | Skirmisher |
| 17:57 | Queue | Skirmisher |
| 18:05 | Build | Farm |
| 18:09 | Build | Mining Camp |
| 18:29 | Age | Castle Age |
| 18:48 | Build | House |
| 18:49 | Build | House |
| 18:53 | Build | House |
| 18:55 | Queue | Villager (Male) |
| 18:55 | Queue | Villager (Male) |
| 18:56 | Queue | Villager (Male) |
| 19:05 | Build | Town Center |
| 19:11 | Build | Farm |
| 20:01 | Queue | Villager (Male) |
| 20:01 | Queue | Villager (Male) |
| 20:01 | Queue | Villager (Male) |
| 20:04 | Build | Town Center |
| 20:32 | Queue | Villager (Male) |
| 20:32 | Queue | Villager (Male) |
| 20:32 | Queue | Villager (Male) |
| 20:42 | Research | Bow Saw |
| 21:20 | Queue | Villager (Male) |
| 21:20 | Queue | Villager (Male) |
| 21:20 | Queue | Villager (Male) |
| 21:28 | Build | Stone Wall |
| 21:46 | Queue | Villager (Male) |
| 21:47 | Queue | Villager (Male) |
| 21:47 | Queue | Villager (Male) |
| 21:47 | Queue | Villager (Male) |
| 21:47 | Queue | Villager (Male) |
| 21:52 | Build | Farm |
| 21:54 | Build | Farm |
| 21:55 | Build | Farm |
| 21:59 | Build | House |
| 22:00 | Build | House |
| 22:11 | Queue | Villager (Male) |
| 22:17 | Queue | Villager (Male) |
Match timeline
| 5:13 | KLOAKAN · first_building Barracks |
| 5:27 | Ikki de Fenix · wall_segment Palisade Wall x10 |
| 7:26 | Ikki de Fenix · wall_segment Palisade Wall x6 |
| 8:14 | Ikki de Fenix · first_building Barracks |
| 8:22 | Ikki de Fenix · wall_segment Palisade Wall x6 |
| 8:41 | Ikki de Fenix · wall_segment Palisade Wall x14 |
| 8:58 | Ikki de Fenix · wall_segment Palisade Wall x1 |
| 9:03 | Ikki de Fenix · wall_segment Palisade Wall x5 |
| 9:28 | Ikki de Fenix · wall_segment Palisade Wall x9 |
| 9:43 | Ikki de Fenix · wall_segment Palisade Wall x9 |
| 10:41 | KLOAKAN · age_up feudal |
| 10:53 | KLOAKAN · first_building Archery Range |
| 11:52 | Ikki de Fenix · wall_segment Palisade Wall x1 |
| 12:22 | Ikki de Fenix · wall_segment Palisade Wall x1 |
| 12:24 | Ikki de Fenix · wall_segment Palisade Wall x1 |
| 12:27 | Ikki de Fenix · wall_segment Palisade Wall x1 |
| 13:07 | Ikki de Fenix · age_up feudal |
| 13:15 | Ikki de Fenix · wall_segment Stone Wall x2 |
| 13:22 | Ikki de Fenix · first_building Archery Range |
| 13:41 | Ikki de Fenix · wall_segment Palisade Wall x1 |
| 14:45 | Ikki de Fenix · wall_segment Stone Wall x2 |
| 15:25 | Ikki de Fenix · wall_segment Stone Wall x5 |
| 16:41 | Ikki de Fenix · wall_segment Stone Wall x6 |
| 17:20 | Ikki de Fenix · first_building Stable |
| 17:28 | Ikki de Fenix · wall_segment Stone Wall x8 |
| 18:29 | Ikki de Fenix · age_up castle |
| 18:52 | KLOAKAN · wall_segment Palisade Wall x1 |
| 19:00 | Ikki de Fenix · first_market_buy 100 stone |
| 20:05 | KLOAKAN · first_building Stable |
| 21:28 | Ikki de Fenix · wall_segment Stone Wall x3 |
| 22:10 | KLOAKAN · age_up castle |
| 23:08 | KLOAKAN · first_building Siege Workshop |
| 23:55 | Ikki de Fenix · wall_segment Stone Wall x2 |
| 24:23 | Ikki de Fenix · first_building Siege Workshop |
| 25:07 | Ikki de Fenix · first_building Monastery |
| 27:05 | KLOAKAN · wall_segment Palisade Wall x7 |
| 28:12 | KLOAKAN · first_building Monastery |
| 30:08 | Ikki de Fenix · first_building Castle |
| 33:05 | KLOAKAN · first_market_sell 100 wood |
| 33:07 | KLOAKAN · first_market_buy 100 food |
| 35:29 | KLOAKAN · first_building Castle |
| 36:24 | KLOAKAN · age_up imperial |
| 37:28 | Ikki de Fenix · age_up imperial |
| 39:49 | Ikki de Fenix · wall_segment Palisade Wall x1 |
| 40:09 | Ikki de Fenix · wall_segment Stone Wall x1 |
| 42:35 | Ikki de Fenix · wall_segment Stone Wall x24 |
| 43:49 | Ikki de Fenix · wall_segment Stone Wall x3 |
| 44:02 | Ikki de Fenix · wall_segment Stone Wall x1 |
| 49:26 | KLOAKAN · resign |
[ AI ANALYSIS · 1 CREDIT ]
What really happened in this match?
Wolo.gg analyzes every decision: build order, eco, micro, common mistakes by bracket. Personalized analysis on WhatsApp or Discord in 30 seconds.
Civ guide
Tatars
Perfil
KLOAKAN